 Dungeon Crawl Stone Soup version 0.31-a0-165-g3f4f80340b (webtiles) character file.

Game seed: 18248509474346406427

1017 qw the Chopper (level 8, -3/48 HPs)
             Began as a Gargoyle Fighter on June 13, 2023.
             Slain by a gnoll bouda
             ... wielding a +0 club
              (5 damage)
             ... on level 5 of the Dungeon.
             The game lasted 00:01:56 (3326 turns).

qw the Chopper (Gargoyle Fighter)                   Turns: 3326, Time: 00:01:56

Health: -3/48      AC: 17    Str: 23    XL:     8   Next: 22%
Magic:  8/8        EV:  5    Int:  8    God:
Gold:   175        SH:  9    Dex:  9    Spells: 7/7 levels left

rFire   . . .        Y - +0 war axe
rCold   . . .        g - +0 kite shield
rNeg    + . .        k - +0 plate armour
rPois   inf          (no helmet)
rElec   +            (no cloak)
rCorr   .            (no gloves)
SInv    .            (no boots)
Will    .....        (no amulet) Stlth
                     (no ring)
HPRegen 0.28/turn    (no ring)
MPRegen 0.11/turn

%: no passive effects
@: no status effects
A: sickness immunity, AC +5, negative energy resistance 1, electricity
resistance, torment resistance 1, petrification resistance
a: no special abilities


You were on level 5 of the Dungeon.
You visited 1 branch of the dungeon, and saw 6 of its levels.

You collected 175 gold pieces.


Innate Abilities, Weirdness & Mutations

You are immune to sickness and miasma.
Your stone body is resilient. (AC +5)
You are immune to poison.
You resist negative energy. (rN+)
You are resistant to electric shocks. (rElec)
You are resistant to unholy torment.
You are immune to petrification.


   Skills:
 + Level 4.2 Fighting
 - Level 7.1 Axes
 - Level 3.2 Armour
 - Level 6.2 Shields


You had 7 spell levels left.
You didn't know any spells.
Your spell library was empty.

Inventory:

Hand Weapons
 f - a +0 flail
 Y - a +0 war axe (weapon)
Armour
 g - a +0 kite shield (worn)
 k - a +0 plate armour (worn)
Jewellery
 e - an amulet of reflection
Scrolls
 j - 2 scrolls of identify
Potions
 a - a potion of lignification
 b - a potion of curing
 c - 2 potions of cancellation
 d - a potion of might
 h - a potion of resistance {unknown}

Dungeon Overview and Level Annotations

Branches:
Dungeon (6/15)
 Temple: D:4-7

Altars:
Cheibriados
Dithmenos
Elyvilon
Gozag
Kikubaaqudgha
Qazlal
Zin
The Shining One

Annotations:
D:2 1 runed translucent door, Crazy Yiuf


Message History

The gnoll bouda barks out a call to the hunt!
The gnolls pick up the pace!
You block the ogre's attack.
A gnoll comes into view. It is wielding a +0 spear.
You block the orc's attack.
You barely miss the ogre.
The ogre is lightly wounded.
The gnoll hits you from afar with a +0 spear.
The ogre hits you with a +0 giant club!!
The orc hits you from afar with a +0 trident.
You slash the ogre!
The ogre is severely wounded.
A gnoll comes into view. It is wielding a +0 whip.
The gnoll hits you from afar with a +0 spear.
The orc barely misses you. The ogre hits you with a +0 giant club!
The gnoll shouts!
You hit the ogre.
The ogre is almost dead.
The gnoll hits you but does no damage. The orc hits you but does no damage.
The gnoll barely misses you. The gnoll hits you but does no damage.
You slash the ogre!
You kill the ogre!
You barely miss the gnoll. The gnoll barely misses you.
The orc hits you but does no damage. You block the gnoll's attack.
The gnoll hits you but does no damage.
The orc hits you from afar with a +0 trident.
Your Shields skill increases to level 6!
You slash the gnoll!
You kill the gnoll!
The gnoll closely misses you. You block the orc's attack.
You closely miss the gnoll bouda. You block the gnoll's attack.
The gnoll bouda hits you with a +0 club.
You block the orc's attack.
You slash the gnoll bouda!
The gnoll bouda is heavily wounded.
You closely miss the gnoll.
The gnoll hits you but does no damage. x2; You block the orc's attack.
The gnoll bouda hits you with a +0 club.
You die...

##. ##....... .
#....... .. ......
... . #.... .... ..
#... ....
...####.g##g.##.#
......#..@go....#
#......#g..). ..#.
##..#..g..##. ..:.#
#..##.....#
.....###..# ##.....
.....(#.#.#####.....
.................#..
..
......##.##.....##.
... #.....#.....#.#


You could see a gnoll bouda, 4 gnolls and an orc.

Vanquished Creatures
  Pikel (D:4)
  2 ogres
  A scorpion (D:5)
  A jelly (D:5)
  A hound (D:4)
  An orc priest (D:3)
  Jessica (D:2)
  Ijyb (D:2)
  Terence (D:3)
  An orc wizard (D:3)
  A gnoll (D:5)
  5 adders
  A worm (D:2)
  4 dart slugs
  9 orcs (D:3)
  5 endoplasms
  6 giant cockroaches
  14 goblins
  7 hobgoblins
  2 quokkas (D:2)
  8 ball pythons
  8 bats
  4 frilled lizards
  9 kobolds
  3 rats
97 creatures vanquished.

Notes
Turn   | Place    | Note
-------+----------+-------------------------------------------
     0 | D:1      | qw the Gargoyle Fighter began the quest for the Orb.
     0 | D:1      | Reached XP level 1. HP: 14/14 MP: 1/1
     0 | D:1      | 0 ||| qw: Version: 0.2-a-29-gc1b59c4
     0 | D:1      | 0 ||| qw: Game counter: 4813
     0 | D:1      | 0 ||| qw: Always use a shield: true
     0 | D:1      | 0 ||| qw: God list: Okawaru
     0 | D:1      | 0 ||| qw: Allow faded altars: false
     0 | D:1      | 0 ||| qw: Do Orc after D:15 true
     0 | D:1      | 0 ||| qw: Do second Lair branch before Depths: true
     0 | D:1      | 0 ||| qw: Lair rune preference: random
     0 | D:1      | 0 ||| qw: Plans: Normal, Zot:1-4, Slime:5, God:TSO, Crypt,
                  | Tomb, Abyss, Pan, Hells, Win
     0 | D:1      | 0 ||| PLANNING D:1-11
    61 | D:1      | Reached skill level 2 in Axes
   240 | D:1      | Reached XP level 2. HP: 18/19 MP: 2/2
   263 | D:1      | 263 ||| Stepping ~*~*~tactically~*~*~ (stealth).
   264 | D:1      | 264 ||| Stepping ~*~*~tactically~*~*~ (stealth).
   268 | D:1      | 268 ||| Stepping ~*~*~tactically~*~*~ (hiding).
   425 | D:1      | Reached skill level 3 in Axes
   532 | D:1      | 532 ||| UPGRADING to +0 plate armour.
   542 | D:1      | 542 ||| DROPPING +0 scale mail.
   543 | D:1      | 543 ||| READING scroll labelled GOFITZ TEFAOM.
   544 | D:1      | 544 ||| READING scroll labelled SAJUFFIOKHU.
   548 | D:1      | 548 ||| READING scroll labelled ASAMAE BEWAESO.
   549 | D:1      | 549 ||| READING 2 scrolls labelled KOCRACZIYKH.
   561 | D:2      | 561 ||| Stepping ~*~*~tactically~*~*~ (hiding).
   569 | D:2      | Reached XP level 3. HP: 22/23 MP: 3/3
   596 | D:2      | 596 ||| Stepping ~*~*~tactically~*~*~ (hiding).
   913 | D:2      | 913 ||| Stepping ~*~*~tactically~*~*~ (stealth).
  1090 | D:2      | 1090 ||| Stepping ~*~*~tactically~*~*~ (stealth).
  1093 | D:2      | 1093 ||| Stepping ~*~*~tactically~*~*~ (hiding).
  1110 | D:2      | Reached XP level 4. HP: 26/28 MP: 4/4
  1118 | D:2      | Noticed Ijyb
  1119 | D:2      | 1119 ||| Stepping ~*~*~tactically~*~*~ (stealth).
  1121 | D:2      | 1121 ||| Stepping ~*~*~tactically~*~*~ (hiding).
  1123 | D:2      | 1123 ||| Stepping ~*~*~tactically~*~*~ (hiding).
  1127 | D:2      | Reached skill level 4 in Axes
  1138 | D:2      | Killed Ijyb
  1405 | D:2      | Reached XP level 5. HP: 29/32 MP: 5/5
  1464 | D:2      | Noticed Jessica
  1474 | D:2      | Killed Jessica
  1565 | D:2      | Found a runed translucent door.
  1566 | D:2      | Noticed Crazy Yiuf
  1627 | D:2      | 1627 ||| UPGRADING to +0 kite shield.
  1637 | D:2      | 1637 ||| DROPPING +0 buckler.
  1638 | D:2      | 1638 ||| READING scroll labelled JEMORE GEHI.
  1639 | D:2      | 1639 ||| READING scroll labelled RADDUGOLAC.
  1640 | D:2      | 1640 ||| READING scroll labelled CITOEDDIOQY.
  1641 | D:2      | 1641 ||| READING 4 scrolls of identify.
  1641 | D:2      | 1641 ||| IDENTIFYING smoky purple potion
  1642 | D:2      | 1642 ||| READING 3 scrolls of identify.
  1642 | D:2      | 1642 ||| IDENTIFYING metallic inky potion
  1643 | D:2      | 1643 ||| DROPPING potion of brilliance.
  1962 | D:3      | 1962 ||| Stepping ~*~*~tactically~*~*~ (hiding).
  1972 | D:3      | 1972 ||| FLEEEEING.
  2000 | D:3      | 2000 ||| Stepping ~*~*~tactically~*~*~ (stealth).
  2003 | D:3      | 2003 ||| Stepping ~*~*~tactically~*~*~ (stealth).
  2010 | D:3      | 2010 ||| Stepping ~*~*~tactically~*~*~ (stealth).
  2011 | D:3      | 2011 ||| Stepping ~*~*~tactically~*~*~ (stealth).
  2012 | D:3      | 2012 ||| Stepping ~*~*~tactically~*~*~ (stealth).
  2015 | D:3      | 2015 ||| Stepping ~*~*~tactically~*~*~ (stealth).
  2066 | D:3      | 2066 ||| DROPPING +0 club.
  2131 | D:3      | 2131 ||| Stepping ~*~*~tactically~*~*~ (stealth).
  2134 | D:3      | 2134 ||| Stepping ~*~*~tactically~*~*~ (hiding).
  2227 | D:3      | Found a glowing golden altar of the Shining One.
  2228 | D:3      | Found a snail-covered altar of Cheibriados.
  2231 | D:3      | 2231 ||| Stepping ~*~*~tactically~*~*~ (hiding).
  2233 | D:3      | 2233 ||| Stepping ~*~*~tactically~*~*~ (hiding).
  2239 | D:3      | Noticed Terence
  2244 | D:3      | Reached XP level 6. HP: 13/37 MP: 6/6
  2250 | D:3      | Killed Terence
  2346 | D:3      | Found a white marble altar of Elyvilon.
  2348 | D:3      | Found a stormy altar of Qazlal.
  2349 | D:3      | Found an opulent altar of Gozag.
  2549 | D:3      | 2549 ||| DROPPING ring of flight.
  2550 | D:3      | 2550 ||| READING scroll labelled XUMIUH LOWKED URCHA.
  2551 | D:3      | 2551 ||| READING scroll labelled HUMETOA TAOCS.
  2552 | D:3      | 2552 ||| READING 2 scrolls labelled KUOHAGH QAJU.
  2553 | D:3      | 2553 ||| DRINKING 2 fuming golden potions.
  2554 | D:3      | 2554 ||| DROPPING scroll of fog.
  2632 | D:4      | Noticed Pikel
  2655 | D:4      | Killed Pikel
  2656 | D:4      | Reached skill level 7 in Axes
  2656 | D:4      | Reached XP level 7. HP: 30/41 MP: 7/7
  2696 | D:4      | Found a glowing silver altar of Zin.
  2752 | D:4      | HP: 10/41 [ogre/+0 giant spiked club (7)]
  2997 | D:4      | Found an ancient bone altar of Kikubaaqudgha.
  3082 | D:4      | 3082 ||| Stepping ~*~*~tactically~*~*~ (hiding).
  3207 | D:4      | Found a shadowy altar of Dithmenos.
  3209 | D:4      | You fall into a shaft and drop 2 floors!
  3219 | D:6      | 3219 ||| READING 3 scrolls of identify.
  3219 | D:6      | 3219 ||| IDENTIFYING bubbling golden potion
  3228 | D:5      | Entered Level 5 of the Dungeon
  3255 | D:5      | Reached XP level 8. HP: 44/48 MP: 8/8
  3321 | D:5      | HP: 6/48 [ogre/+0 giant club (11)]
  3324 | D:5      | Reached skill level 6 in Shields
  3325 | D:5      | HP: 2/48 [gnoll bouda/+0 club (3)]
  3326 | D:5      | Slain by a gnoll bouda

Levels and vault maps discovered:
D:1:      co_arrival_random_square_maze, layout_rooms
D:2:      kennysheep_the_goblin_king, layout_loops_corners, uniq_jessica,
          uniq_crazy_yiuf_cottage
D:3:      layout_basic, grunt_temple_overflow_open, uniq_terence
D:4:      layout_loops_ring, mainiacjoe_overflow_brackets,
          nicolae_dithmenos_through_a_glass_darkly, tgw_fedhas,
          kennysheep_mini_moat, columned_hall_lemuel, uniq_ijyb, uniq_pikel,
          uniq_edmund
D:5:      layout_cave_pools, okawaru_ov_weapons_minmay, minmay_circle_x
D:6:      layout_loops_ring, nemelex_spade_bored_becter, old_standard_altar,
          uniq_sigmund, uniq_eustachio, uniq_grinder

Skill      XL: |  1  2  3  4  5  6  7  8 |
---------------+-------------------------+-----
Axes           | 2 3 4 7 |  7.1
Shields        | 4 5 6 |  6.2
Fighting       | 4 |  4.2
Armour         | |  3.2

Action                     |  1- 3 |  4- 6 |  7- 9 || total
---------------------------+-------+-------+-------++-------
  Melee: War axe           |    95 |   154 |    57 ||   306
    Use: Scroll            |     4 |     8 |     1 ||    13
         Potion            |       |     1 |       ||     1
 Armour: Scale mail        |    13 |       |       ||    13
         Plate armour      |    39 |    92 |    24 ||   155
  Dodge: Dodged            |    33 |    30 |    12 ||    75
  Block: Buckler           |    21 |    12 |       ||    33
         Kite shield       |       |    33 |    31 ||    64

Table legend:
 A = Non-vault XP
 B = Vault XP
 C = Vault XP percentage of total XP
 D = Non-vault monster count
 E = Vault monster count
 F = Vault count percentage of total count
                 A         B        C        D         E       F
            +---------+---------+-------+---------+---------+-------
      Total |     692 |     761 |  52.4 |      87 |      10 |  10.3
            +---------+---------+-------+---------+---------+-------
        D:1 |      31 |       0 |   0.0 |      19 |       0 |   0.0
        D:2 |     101 |      84 |  45.4 |      27 |       8 |  22.9
        D:3 |     127 |      36 |  22.1 |      27 |       1 |   3.6
        D:4 |     171 |     641 |  78.9 |       9 |       1 |  10.0
        D:5 |     262 |       0 |   0.0 |       5 |       0 |   0.0
            +---------+---------+-------+---------+---------+-------
